AoeStats
← ✚ Quentin [BOT]

Fortress

509368115Analyzed
2v2 RM · 4d ago on Sep 26, 2026· 40m 30s· 4 players
Game mode
Random Map
Map size
Normal (6 player)
Population
200
Speed
Normal
Resources
Standard
Victory
Conquest
Starting age
Dark Age
Ending age
Imperial Age
RankedLock teamsTeams togetherTeam positionsShared explorationLock speedFull tech treeHidden civsTurbo modeCheats
Victory
Defeat
🇩🇪 Bohemians · Germany
1188
+18
🇦🇹 Magyars · Austria
1162
+19
🇻🇳 Slavs · Vietnam
1262
-19
🇦🇷 Japanese · Argentina
1206
-18
LLBHLJ
2:37 Loom
7:33 Feudal Age
11:59 Castle Age
10:04 Horse Collar
10:35 Double-Bit Axe
18:03 Town Watch
18:34 Heavy Plow
19:45 Bow Saw
27:23 Wheelbarrow
32:01 Imperial Age
30:29 Hand Cart
31:10 Town Patrol
32:54 Chemistry
34:09 Man-at-Arms
35:33 Long Swordsman
40:26 Houfnice
✚ Quentin [BOT]
6:41 Feudal Age
11:25 Castle Age
10:10 Double-Bit Axe
10:38 Horse Collar
14:39 Loom
19:03 Fletching
19:14 Padded Archer Armor
19:54 Gold Mining
20:49 Bow Saw
24:18 Scale Barding Armor
25:58 Chain Barding Armor
26:13 Bodkin Arrow
26:34 Leather Archer Armor
26:33 Bloodlines
27:57 Bloodlines
27:47 Husbandry
31:19 Imperial Age
29:26 Wheelbarrow
28:37 Town Watch
30:33 Thumb Ring
31:43 Ballistics
32:27 Parthian Tactics
32:30 Heavy Cavalry Archer
33:34 Bracer
34:17 Light Cavalry
35:47 Conscription
37:09 Chemistry
36:54 Hand Cart
37:17 Bracer
37:49 Ring Archer Armor
37:54 Plate Barding Armor
39:40 Recurve Bow
Pelado
7:10 Feudal Age
11:18 Castle Age
9:34 Double-Bit Axe
9:30 Horse Collar
12:18 Bow Saw
14:38 Heavy Plow
19:15 Gold Mining
19:19 Stone Mining
20:23 Wheelbarrow
25:27 Imperial Age
23:10 Scale Mail Armor
23:20 Forging
23:33 Squires
23:19 Arson
24:42 Chain Mail Armor
24:03 Pikeman
26:50 Conscription
27:04 Plate Mail Armor
27:09 Iron Casting
34:18 Chemistry
35:18 Blast Furnace
34:08 Elite Samurai
36:09 Kataparuto
36:07 Heavy Scorpion
wang_03
7:27 Feudal Age
7:33 Feudal Age
11:25 Castle Age
9:54 Man-at-Arms
10:37 Scale Mail Armor
10:34 Horse Collar
11:11 Loom
11:41 Double-Bit Axe
17:36 Long Swordsman
18:59 Squires
19:18 Forging
27:49 Imperial Age
27:32 Heavy Plow
28:45 Wheelbarrow
28:25 Capped Ram
28:34 Two-Handed Swordsman
29:14 Squires
37:08 Champion
Connection lost

Rejoining the realm…

Still unreachable

The connection could not be restored.

Session expired

The server has moved on; the page needs a fresh start.